 Dungeon Crawl Stone Soup version 0.29.1-15-g9cfb28693d (webtiles) character file.

Game seed: 1925361270769659579

135 leafyfresh the Sneak (level 5, -10/37 HPs)
             Began as an Octopode Delver on Mar 5, 2023.
             Was an Initiate of Ashenzari.
             Mangled by a wyvern (18 damage)
             ... on level 4 of the Dungeon.
             The game lasted 00:01:43 (796 turns).

leafyfresh the Sneak (Octopode Delver)               Turns: 796, Time: 00:01:44

Health: -10/37     AC:  1    Str: 11    XL:     5   Next: 18%
Magic:  5/5        EV: 14    Int: 15    God:    Ashenzari [......]
Gold:   94         SH:  0    Dex: 13    Spells: 4/4 levels left

rFire   . . .      SeeInvis .   a - +0 short sword
rCold   . . .      Faith    .   (no shield)
rNeg    . . .      Spirit   .   (helmet restricted)
rPois   .          Reflect  .   (no amulet)
rElec   .          Harm     .   (no ring)
rCorr   .          Rampage  .   (no ring)
Will    .....                   (no ring)
Stlth   +++++.....              (no ring)
HPRegen 0.12/turn               (no ring)
MPRegen 0.09/turn               (no ring)
                                (no ring)
                                (no ring)

@: no status effects
A: almost no armour, amphibious, 8 rings, camouflage 1, gelatinous body 1,
(nimble swimmer 1), tentacles
a: Renounce Religion


You were on level 4 of the Dungeon.
You worshipped Ashenzari.
Ashenzari was noncommittal.
You visited 2 branches of the dungeon, and saw 3 of its levels.

You collected 94 gold pieces.

Inventory:

Hand Weapons
 a - a +0 short sword (weapon)
Wands
 f - a wand of digging (3)
Scrolls
 b - a scroll of fog
 c - a scroll of magic mapping
 g - a scroll of identify {unknown}
 h - a scroll of enchant armour {unknown}
 i - a scroll of vulnerability {unknown}
 j - a scroll of brand weapon {unknown}
Potions
 d - a potion of lignification {unknown}
 e - a potion of haste


   Skills:
 + Level 4.1 Fighting
 - Level 2.0 Short Blades
 + Level 3.3 Dodging
 + Level 7.7 Stealth


You had 4 spell levels left.
You didn't know any spells.
Your spell library was empty.

Dungeon Overview and Level Annotations

Branches:
Dungeon (5/15)             Temple (1/1) D:5

Altars:
Ashenzari
Gozag
Nemelex Xobeh
Okawaru
Ru
Uskayaw
Wu Jian
Yredelemnul

Shops:
D:4 *


Innate Abilities, Weirdness & Mutations

You cannot wear most types of armour.
You are amphibious.
You can wear up to eight rings at the same time.
Your skin changes colour to match your surroundings (Stealth+).
Your rubbery body absorbs attacks. (AC +1, EV +1)
((You are camouflaged when in or above water. (Stealth+)))
You have tentacles for arms and can constrict up to eight enemies at once.


Message History

An endoplasm comes into view.
There is an open door here.
An endoplasm is nearby!
The endoplasm quivers.
You hit the endoplasm.
The endoplasm is heavily wounded.
The endoplasm closely misses you.
You hit the endoplasm.
You kill the endoplasm!
Found Nicolae's Needful Niceties.
No target in view!
There is an entrance to Nicolae's Needful Niceties here.
A wyvern comes into view.
A wyvern is nearby!
A wyvern is nearby!
The helpless wyvern fails to defend itself.
You puncture the wyvern!
The wyvern is heavily wounded.
The wyvern bites you! The wyvern misses you.
You closely miss the wyvern.
The wyvern is heavily wounded.
The wyvern closely misses you.
You hit the wyvern but do no damage. You squeeze the wyvern!
The wyvern is almost dead.
The wyvern misses you.
The wyvern bites you but does no damage.
You closely miss the wyvern.
The wyvern is almost dead.
The wyvern misses you.
You closely miss the wyvern.
The wyvern is almost dead.
The wyvern bites you. x2
You closely miss the wyvern.
The wyvern is almost dead.
The wyvern bites you!
* * * LOW HITPOINT WARNING * * *
You closely miss the wyvern.
The wyvern is almost dead.
The wyvern bites you!!
You die...

#......#######
#.....#
..............
#.....#
..............
#######.###.#
#......#######
#...........#
'.)....'.....#
#.###########
#......#####.#
#.#
#......#####.#
#.#
+..)...'.....#
#.#
#......####..#
#@# ########
#l.# #### ##+#
..... .....
#.# #+# ......
#)# ..#
......#
#.#+#+####.#


You could see a wyvern.

Vanquished Creatures
  A water moccasin (D:5)
  A hound (D:4)
  An orc (D:4)
  A ball python (D:4)
  An endoplasm (D:4)
  A kobold (D:4)
6 creatures vanquished.

Notes
Turn   | Place    | Note
-------+----------+-------------------------------------------
     0 | D:5      | leafyfresh the Octopode Delver began the quest for the Orb.
     0 | D:5      | Reached XP level 1. HP: 16/16 MP: 1/1
     7 | D:5      | Noticed a water moccasin
    16 | D:5      | Killed a water moccasin
    17 | D:5      | Reached skill level 7 in Stealth
    17 | D:5      | Reached XP level 2. HP: 22/22 MP: 2/2
    17 | D:5      | Reached XP level 3. HP: 27/27 MP: 3/3
    17 | D:5      | Reached XP level 4. HP: 33/33 MP: 4/4
    51 | D:5      | Noticed an ogre
    53 | D:5      | Found a staircase to the Ecumenical Temple.
    61 | Temple   | Entered the Ecumenical Temple
   205 | Temple   | Became a worshipper of Ashenzari the Shackled
   405 | D:4      | Reached XP level 5. HP: 25/37 MP: 5/5
   765 | D:4      | Found Nicolae's Needful Niceties.
   784 | D:4      | Noticed a wyvern
   796 | D:4      | Mangled by a wyvern

Illustrated notes

Levels and vault maps discovered:
D:4:      layout_basic, tso_altar, nicolae_alphabet_shops
D:5:      layout_loops_ring, minmay_temple_entry_grid
Temple:   mainiacjoe_temple_cubbyholes

Skill      XL: |  1  2  3  4 |
---------------+-------------+-----
Dodging        | 3 |  3.3
Stealth        | 7 |  7.7
Fighting       | 4 |  4.1
Short Blades   | |  2.0

Action                   |  1- 3 |  4- 6 || total
-------------------------+-------+-------++-------
Melee: Short sword       |     3 |    18 ||    21
       Tentacles         |     2 |     3 ||     5
       Constrict         |     1 |     3 ||     4
       Punch             |       |     1 ||     1
  Use: Scroll            |       |     1 ||     1
 Stab: Sleeping          |     1 |     2 ||     3
Armor: Skin              |       |     1 ||     1
Dodge: Dodged            |     3 |    11 ||    14
